 Dungeon Crawl Stone Soup version 0.31-a0-977-gc230f8ef24 (webtiles) character file.

Game seed: 4166273664750782885

102 Shayle the Poker (level 4, -1/25 HPs)
             Began as a Tengu Hexslinger on Oct 29, 2023.
             Slain by Natasha (9 damage)
             ... on level 2 of the Dungeon.
             The game lasted 00:02:34 (1378 turns).

Shayle the Poker (Tengu Hexslinger)                 Turns: 1378, Time: 00:02:37

Health: -1/25      AC:  4    Str:  8    XL:     4   Next: 78%
Magic:  6/6        EV: 12    Int: 22    God:
Gold:   83         SH:  0    Dex: 19    Spells: 5/5 levels left

rFire   . . .        d - +0 spear
rCold   . . .        (no shield)
rNeg    . . .        p - +2 robe of Doecsaaha {Harm Dex+3}
rPois   .            (helmet restricted)
rElec   .            (no cloak)
rCorr   .            (no gloves)
SInv    .            (boots unavailable)
Will    .....        (no amulet)
Stlth   ++           m - +6 ring of intelligence
HPRegen 0.24/turn    (no ring)
MPRegen 0.10/turn

%: harm (+30% outgoing, +20% incoming), acrobat
@: no status effects
A: beak, talons 3, acrobatic
a: no special abilities


You were on level 2 of the Dungeon.
You visited 1 branch of the dungeon, and saw 3 of its levels.

You collected 83 gold pieces.

Inventory:

Hand Weapons
 a - a +1 sling
 d - a +0 spear (weapon)
Armour
 c - a +0 robe
 o - a +0 scale mail
 p - the +2 robe of Doecsaaha (worn) {Harm Dex+3}
   (You found it on level 2 of the Dungeon)

   Dex+3:     It affects your dexterity (+3).
   Harm:      It increases damage dealt and taken.
Jewellery
 m - a +6 ring of intelligence (left hand)
Scrolls
 b - a scroll of poison
 g - a scroll of teleportation {unknown}
 h - a scroll of enchant weapon {unknown}
 k - a scroll of fear {unknown}
 l - a scroll of revelation {unknown}
 n - a scroll of immolation {unknown}
 q - a scroll of noise {unknown}
Potions
 e - a potion of berserk rage {unknown}
 f - a potion of mutation {unknown}
 i - a potion of degeneration {unknown}
 j - a potion of heal wounds {unknown}
 r - a potion of enlightenment {unknown}


   Skills:
 - Level 1.0 Fighting
 + Level 4.6 Polearms
 - Level 2.1 Ranged Weapons
 - Level 2.1 Dodging
 - Level 1.0 Spellcasting
 - Level 2.1 Hexes
 - Level 1.1 Fire Magic


You had 5 spell levels left.
You didn't know any spells.
Your spell library contained the following spells:

 Spells                   Type           Power      Damage    Failure   Level
 Jinxbite                 Hex            20%        N/A       10%         2
 Ensorcelled Hibernation  Hex/Ice        10%        N/A       14%         2
 Apportation              Tloc           2%         N/A       16%         1
 Necrotise                Necr           4%         1d4       16%         1
 Summon Small Mammal      Summ           4%         N/A       16%         1
 Sigil of Binding         Hex            10%        N/A       19%         3
 Cigotuvi's Dreadful Rot  Necr/Pois/Air  2%         N/A       22%         2
 Passwall                 Tmut/Erth      0%         N/A       22%         2
 Inner Flame              Hex/Fire       8%         N/A       24%         3
 Summon Guardian Golem    Hex/Summ       5%         N/A       28%         3
 Swiftness                Air            1%         N/A       41%         3
 Vampiric Draining        Necr           1%         2d6       41%         3
 Cause Fear               Hex            5%         N/A       52%         4
 Dimensional Bullseye     Hex/Tloc       2%         N/A       67%         4
 Enfeeble                 Hex            5%         N/A       100%        7


Dungeon Overview and Level Annotations

Branches:
Dungeon (3/15)

Altars:

Annotations:
D:2 Natasha


Innate Abilities, Weirdness & Mutations

You have a beak for a mouth.
You have claws for feet.
You can magically evade attacks while moving or waiting.


Message History

the felid corpse of Natasha; a frilled lizard skeleton You start resting.
Natasha, Servant of Life and Death comes into view.
There is a stone staircase leading down here.
Natasha mumbles some strange words.
You climb downwards.
You hear the sound of rushing water.
There is an entrance to a sewer on this level.
Hurry and find it before the portal rusts away!
Found four items.
There is a stone staircase leading up here.
The helpless orc fails to defend itself.
You hit the orc. You peck the orc.
The orc is severely wounded.
Unknown command.
The adder hisses angrily.
The orc closely misses you.
The orc shouts!
You climb upwards.
Level annotation: Natasha The cerulean imp hits you from afar with a +2 spear.
Natasha closely misses you.
There is a stone staircase leading down, spattered with blood here.
Okay, then.
You hit Natasha but do no damage. The orc hits you but does no damage.
The cerulean imp closely misses you. Natasha claws you but does no damage.
You hit Natasha.
Natasha is lightly wounded.
The orc barely misses you.
The cerulean imp hits you from afar with a +2 spear.
You barely miss Natasha. Your peck misses Natasha.
Natasha is lightly wounded.
Natasha closely misses you. The orc misses you.
The cerulean imp barely misses you.
You miss Natasha. You claw Natasha. You peck Natasha, but do no damage.
Natasha is lightly wounded.
Natasha mumbles some strange words.
You feel troubled. Natasha claws you!
You die...
Natasha begins licking her fur clean.

####.###.##########.## #.##
..##.......# #..#### #.#
..#####.##.# ##....###.#
..#####.##.############.....#
..#.....#..........# #######
....#####.^........#
...................#
..#######.......o..##### ..#
#.......@....... ..#
######5h...##### ###
#...##### .# #.#.# .# #..#.#
.# ...##.# .## #### #h### ...
#...####### .##
###.......####


You could see Natasha, a cerulean imp (summoned) and an orc.

Vanquished Creatures
  Jessica (D:2)
  Natasha (twice) (D:2)
  An adder (D:2)
  A dart slug (D:1)
  An endoplasm (D:1)
  2 giant cockroaches
  2 goblins (D:1)
  3 ball pythons
  4 bats (D:1)
  3 frilled lizards
  A rat (D:1)
21 creatures vanquished.

Notes
Turn   | Place    | Note
-------+----------+-------------------------------------------
     0 | D:1      | Shayle the Tengu Hexslinger began the quest for the Orb.
     0 | D:1      | Reached XP level 1. HP: 12/12 MP: 3/3
    96 | D:1      | Got the Grimoire of Doomed Maleficia
   153 | D:1      | Reached skill level 1 in Polearms
   240 | D:1      | Reached XP level 2. HP: 16/16 MP: 4/4
   347 | D:1      | Reached skill level 2 in Polearms
   720 | D:1      | Found a faded altar of an unknown god.
   950 | D:2      | Reached XP level 3. HP: 13/20 MP: 5/5
  1085 | D:2      | Identified the +2 robe of Doecsaaha {Harm Dex+3}
  1136 | D:2      | Noticed Natasha
  1150 | D:2      | Killed Natasha
  1151 | D:2      | Reached skill level 3 in Polearms
  1175 | D:2      | Noticed Jessica
  1182 | D:2      | Killed Jessica
  1183 | D:2      | Reached skill level 4 in Polearms
  1183 | D:2      | Reached XP level 4. HP: 25/25 MP: 6/6
  1344 | D:2      | Noticed Natasha
  1355 | D:2      | Killed Natasha
  1366 | D:2      | Noticed Natasha
  1378 | D:2      | Slain by Natasha

Illustrated notes

Levels and vault maps discovered:
D:1:      ncdulo_lavacross, layout_loops_corners,
          ebering_ecumenical_altar_abandoned, hangedman_abyss_or_decor_stabs,
          minmay_tromino_v2
D:2:      layout_rooms, kennysheep_another_room, uniq_terence, uniq_natasha,
          uniq_jessica
D:3:      layout_rooms, cheibrodos_sewer_entry_drain, gammafunk_ghost_arena,
          nicolae_concentric_dashed_squares_wild

Skill      XL: |  1  2  3 |
---------------+----------+-----
Polearms       | 1 2 4 |  4.6
Fighting       | |  1.0
Ranged Weapons | |  2.1
Dodging        | |  2.1
Spellcasting   | |  1.0
Hexes          | |  2.1
Fire Magic     | |  1.1

Action                     |  1- 3 |  4- 6 || total
---------------------------+-------+-------++-------
  Melee: Spear             |    57 |    18 ||    75
         Kick              |    10 |     3 ||    13
         Peck              |     9 |     5 ||    14
   Stab: Sleeping          |     2 |     2 ||     4
 Armour: Robe              |    16 |    15 ||    31
         Scale mail        |     1 |       ||     1
  Dodge: Dodged            |    29 |    12 ||    41

Table legend: (Time is in decaauts)
 A = Elapsed time spent in this place.
 B = Non-inter-level travel time spent in this place.
 C = Inter-level travel time spent in this place.
 D = Time resting spent in this place.
 E = Time spent auto-exploring this place.
 F = Levels seen in this place.
 G = Mean time per level.
                   A        B        C        D        E       F      G
               +--------+--------+--------+--------+--------+-----+--------+
         Total |   1383 |   1331 |     52 |     10 |   1060 |   3 |  461.0 |
       Dungeon |   1383 |   1331 |     52 |     10 |   1060 |   3 |  461.0 |
               +--------+--------+--------+--------+--------+-----+--------+

Top non-repeatable levels by time:
     D:1: 912 daAuts
     D:2: 467 daAuts
     D:3: 2 daAuts
